 Dungeon Crawl Stone Soup version 0.26-a0-658-gbdda728c12 (webtiles) character file.

Game seed: 5261720202013610485

8932 DogServant the Zephyrmancer (level 11, -2/62 HPs)
             Began as a Tengu Air Elementalist on Oct 5, 2020.
             Was an Elder of Sif Muna.
             Slain by an unseen horror (4 damage)
             ... on level 11 of the Dungeon.
             The game lasted 00:26:19 (15669 turns).

DogServant the Zephyrmancer (TeAE)                 Turns: 15669, Time: 00:26:19

Health: -2/62      AC:  4    Str: 18    XL:     11   Next: 38%
Magic:  21/21      EV: 23    Int: 18    God:    Sif Muna [****..]
Gold:   621        SH:  0    Dex: 15    Spells: 4/22 levels left

rFire    + . .     SeeInvis .   e - +9 whip of Som Cin {vorpal, rN+ Str+3}
rCold    . . .     Faith    .   (no shield)
rNeg     + . .     Spirit   .   q - +0 leather armour
rPois    .         Reflect  .   (helmet restricted)
rElec    .         Harm     .   o - +0 cloak of Fun {rF+ MR+} (curse)
rCorr    .         Rampage  .   (no gloves)
MR       +....                  (boots unavailable)
Stlth    ++........             (no amulet)
HPRegen  0.20/turn              j - +6 ring of strength
MPRegen  0.17/turn              b - +4 ring of evasion

@: sluggish, flying quickly and evasively, very slow
A: beak, talons 3, able to fly
a: Stop Flying, Channel Magic, Forget Spell, Divine Exegesis, Renounce Religion


You were on level 11 of the Dungeon.
You worshipped Sif Muna.
Sif Muna was greatly pleased with you.
You visited 2 branches of the dungeon, and saw 12 of its levels.

You collected 696 gold pieces.
You spent 75 gold pieces at shops.

Inventory:

Hand Weapons
 e - the +9 whip of Som Cin (weapon) {vorpal, rN+ Str+3}
   (You found it on level 6 of the Dungeon)

   It inflicts extra damage upon your enemies.
   It affects your strength (+3).
   It protects you from negative energy.
 D - the +7 mace of Dim Light {distort, +Rage rF- MP+9 SInv, unknown}
   (You found it on level 9 of the Dungeon)

   It warps and distorts space around it.
   Unwielding it can cause banishment or high damage.
   It makes you vulnerable to fire.
   It affects your magic capacity (+9).
   It lets you see invisible.
   It lets you go berserk.
Missiles
 C - 6 curare-tipped darts (quivered)
Armour
 o - the cursed +0 cloak of Fun (worn) {rF+ MR+}
   (You found it on level 6 of the Dungeon)

   It protects you from fire.
   It affects your resistance to hostile enchantments.
   It has a curse placed upon it.
 q - a +0 leather armour (worn)
Jewellery
 b - a +4 ring of evasion (right hand)
 j - a +6 ring of strength (left hand)
 n - a +6 ring of dexterity
 H - the ring "Jimyas" {rF+ rC++ MR+ Int+4 Dex-3, unknown}
   (You found it on level 10 of the Dungeon)

   [ring of protection from fire]

   It affects your intelligence (+4).
   It affects your dexterity (-3).
   It protects you from fire.
   It greatly protects you from cold.
   It affects your resistance to hostile enchantments.
Wands
 k - a wand of iceblast (10)
 t - a wand of disintegration (12)
 u - a wand of random effects (16)
 v - a wand of polymorph (3)
 J - a wand of acid (5)
Scrolls
 c - 9 scrolls of teleportation
 d - 2 scrolls of magic mapping
 g - 4 scrolls of fog
 h - 4 scrolls of remove curse
 p - 8 scrolls of identify
 x - 2 scrolls of enchant weapon {unknown}
 y - 2 scrolls of fear
 E - a scroll of acquirement {unknown}
 G - a scroll of enchant armour {unknown}
Potions
 a - 3 potions of lignification
 f - 2 potions of magic
 i - 5 potions of might
 l - a potion of resistance
 m - a potion of haste
 r - a potion of heal wounds
 s - 3 potions of ambrosia
 w - 2 potions of flight {unknown}
 z - a potion of invisibility {unknown}
 A - a potion of stabbing {unknown}
 B - a potion of degeneration {unknown}
 F - a potion of mutation {unknown}
 I - a potion of curing


   Skills:
 - Level 4.5 Fighting
 + Level 6.7 Maces & Flails
 - Level 2.2 Armour
 + Level 6.5 Dodging
 - Level 2.1 Stealth
 + Level 6.2 Spellcasting
 + Level 9.5 Conjurations
 - Level 12.4 Air Magic
 + Level 4.3 Invocations


You had 4 spell levels left.
You knew the following spells:

 Your Spells              Type           Power        Failure   Level
a - Shock                 Conj/Air       ####         1%          1
b - Swiftness             Air            ######..     1%          2
c - Static Discharge      Conj/Air       #####...     1%          3
d - Airstrike             Air            ######....   1%          4
e - Lightning Bolt        Conj/Air       #####.....   4%          5
f - Mephitic Cloud        Conj/Pois/Air  ####....     1%          3

Your spell library contained the following spells:

 Spells                   Type           Power        Failure   Level
 Magic Dart               Conj           ####         1%          1
 Poisonous Vapours        Pois/Air       ####..       1%          2
 Conjure Flame            Conj/Fire      ###.....     6%          3
 Sting                    Tmut/Pois      #...         14%         1
 Blink                    Tloc           N/A          22%         2
 Call Imp                 Summ           #.......     22%         2
 Slow                     Hex            #.......     22%         2
 Ignite Poison            Fire/Tmut/Pois #.......     38%         3
 Olgreb's Toxic Radiance  Pois           #.......     80%         4


Dungeon Overview and Level Annotations

Branches:
Dungeon (11/15)            Temple (1/1) D:4            Lair (0/6) D:9
    Orc: D:9-12

Altars:
Ashenzari
Cheibriados
Dithmenos
Elyvilon
Fedhas
Gozag
Hepliaklqana
Kikubaaqudgha
Makhleb
Nemelex Xobeh
Okawaru
Qazlal
Ru
Sif Muna
Trog
Uskayaw
Vehumet
Wu Jian
Xom
Zin
The Shining One

Shops:
D:9 *

Portals:
Abyss: D:4

Annotations:
D:4 2 transporters, nojaa's ghost, amateur MfSu


Innate Abilities, Weirdness & Mutations

You have a beak for a mouth.
You have claws for feet.
You can fly continuously.


Message History

You feel sluggish. Something hits you. Something hits you but does no damage.
Something hits you.
* * * LOW HITPOINT WARNING * * *
Something hits you.
* * * LOW HITPOINT WARNING * * *
The bullfrog zombie barely misses you. Something misses you.
Something hits you.
* * * LOW HITPOINT WARNING * * *
The bullfrog zombie hits you but does no damage.
Things that are here:
a +0 dagger; a +0 robe; an orc corpse You start to feel a little faster.
Something hits you.
* * * LOW HITPOINT WARNING * * *
The bullfrog zombie misses you.
You hear the deafening beating of a distant drum.
Something hits you.
You die...

#.# #.# #.#.# #.# ########
#O###.#.#
########.###......######.).....##
...........'÷................^...
########.###......##########T..##
#)###......##########.....
#.#..............O.......#
#.#.#####.{...#########...
#.#....)†@.Z.T............
#.#######[.....########...
.......)........... ....
..#######......#### #... ..#
#........ .... #.....#### ....
#....... .... #......## .#.
#...(..#


You could see a troll and a bullfrog zombie.

Vanquished Creatures
  A two-headed ogre (D:10)
  A wizard (D:11)
  Psyche (D:8)
  2 trolls (D:9)
  4 hornets
  Prince Ribbit (D:5)
  A wyvern (D:11)
  Grum (D:9)
  A steam dragon (D:11)
  4 wargs (D:10)
  2 water moccasins
  3 orc warriors
  2 black bears
  An ice beast (D:9)
  3 sky beasts
  6 wolves
  A necrophage (D:7)
  3 phantoms
  5 ogres
  3 centaurs
  A gnoll sergeant (D:5)
  5 bullfrogs
  A wyvern skeleton (D:11)
  2 scorpions
  6 killer bees (D:7)
  A wight (D:8)
  A bullfrog zombie (D:7)
  4 electric eels
  A crimson imp (D:4)
  2 centaur zombies
  3 jellies
  6 orc wizards
  4 orc priests
  2 bullfrog skeletons
  10 hounds
  2 iguanas
  Ijyb (D:3)
  11 worker ants
  A hound zombie (D:8)
  4 hound skeletons
  A howler monkey zombie (D:3)
  A worker ant zombie (D:9)
  9 gnolls (D:5)
  9 adders
  A river rat (D:3)
  2 shadow imps
  A white imp (D:10)
  3 ufetubi
  2 oozes (D:3)
  An adder skeleton (D:8)
  7 worms
  4 dart slugs
  4 leopard geckos
  38 orcs
  2 ball pythons
  A giant cockroach (D:3)
  7 goblins
  4 hobgoblins
  13 jackals
  6 kobolds
  8 quokkas
  6 bats
  8 frilled lizards
  A quokka zombie (D:5)
  10 rats
263 creatures vanquished.

Notes
Turn   | Place    | Note
-------+----------+-------------------------------------------
     0 | D:1      | DogServant the Tengu Air Elementalist began the quest for
                  | the Orb.
     0 | D:1      | Reached XP level 1. HP: 10/10 MP: 4/4
   122 | D:1      | Reached XP level 2. HP: 15/15 MP: 3/6
   715 | D:1      | Reached XP level 3. HP: 19/19 MP: 4/7
  1124 | D:2      | Found a blossoming altar of Fedhas.
  1124 | D:2      | Found a hazy altar of Hepliaklqana.
  1926 | D:3      | Reached XP level 4. HP: 21/24 MP: 8/8
  2110 | D:3      | Learned a level 2 spell: Swiftness
  2114 | D:3      | Learned a level 3 spell: Static Discharge
  2175 | D:3      | Found a shimmering blue altar of Sif Muna.
  2236 | D:3      | Reached skill level 5 in Air Magic
  2374 | D:3      | Noticed Ijyb
  2769 | D:4      | Gained mutation: You can fly continuously. [Tengu growth]
  2769 | D:4      | Reached XP level 5. HP: 21/28 MP: 9/9
  3001 | D:4      | Noticed a small abomination
  3016 | D:4      | Found a staircase to the Ecumenical Temple.
  3249 | D:5      | Entered Level 5 of the Dungeon
  3528 | D:5      | Reached skill level 6 in Air Magic
  3528 | D:5      | Reached XP level 6. HP: 10/33 MP: 8/10
  4085 | D:5      | Noticed Prince Ribbit
  4094 | D:5      | Killed Prince Ribbit
  4094 | D:5      | Reached skill level 7 in Air Magic
  4325 | D:5      | Reached XP level 7. HP: 37/37 MP: 7/11
  4560 | D:5      | Reached skill level 8 in Air Magic
  4653 | D:5      | Found a shimmering altar of Xom.
  5045 | Temple   | Entered the Ecumenical Temple
  5687 | D:4      | Found a transporter.
  5689 | D:4      | Found a one-way gate to the infinite horrors of the Abyss.
  5689 | D:4      | Noticed nojaa's ghost (amateur MfSu)
  5690 | D:4      | Found a transporter.
  6097 | D:4      | Reached skill level 9 in Air Magic
  6251 | D:4      | Found a radiant altar of Vehumet.
  6252 | D:4      | Found a burning altar of Makhleb.
  6756 | D:3      | Became a worshipper of Sif Muna the Loreminder
  6852 | D:3      | Killed Ijyb
  7085 | D:3      | Found an ornate altar of the Wu Jian Council.
  8083 | D:5      | Reached * piety under Sif Muna
  8083 | D:5      | Reached skill level 10 in Air Magic
  8091 | D:5      | Reached XP level 8. HP: 29/42 MP: 4/12
  8461 | D:6      | Reached skill level 11 in Air Magic
  8552 | D:6      | Learned a level 4 spell: Airstrike
  8618 | D:6      | Reached skill level 1 in Armour
  9027 | D:6      | Got a fine whip
  9028 | D:6      | Identified the +9 whip of Som Cin {vorpal, rN+ Str+3} (You
                  | found it on level 6 of the Dungeon)
  9064 | D:6      | Got a polished cloak
  9075 | D:6      | Identified the cursed +0 cloak of Fun {rF+ MR+} (You found
                  | it on level 6 of the Dungeon)
  9114 | D:6      | Noticed a yak
  9114 | D:6      | Noticed a yak
  9239 | D:7      | Reached skill level 1 in Fighting
  9434 | D:7      | Reached skill level 1 in Maces & Flails
  9496 | D:7      | Reached skill level 5 in Conjurations
  9596 | D:7      | Found an ancient bone altar of Kikubaaqudgha.
  9596 | D:7      | Found an iron altar of Okawaru.
  9648 | D:7      | Reached XP level 9. HP: 33/48 MP: 5/14
  9655 | D:7      | Reached skill level 12 in Air Magic
  9656 | D:7      | Reached ** piety under Sif Muna
 10398 | D:8      | Learned a level 5 spell: Lightning Bolt
 10703 | D:8      | Noticed Psyche
 10707 | D:8      | Killed Psyche
 10857 | D:8      | Noticed a hornet
 10867 | D:8      | Killed a hornet
 11081 | D:8      | Noticed a hornet
 11338 | D:8      | Reached skill level 1 in Invocations
 11407 | D:8      | Reached XP level 10. HP: 56/56 MP: 10/17
 11703 | D:9      | Noticed Grum
 12510 | D:9      | Found Cumoat's General Store.
 12698 | D:9      | Bought a potion of heal wounds for 75 gold pieces
 12739 | D:9      | Reached skill level 5 in Maces & Flails
 12891 | D:9      | Reached skill level 5 in Spellcasting
 13106 | D:9      | Got a masterwork mace
 13111 | D:9      | Learned a level 3 spell: Mephitic Cloud
 13232 | D:9      | Reached *** piety under Sif Muna
 13281 | D:9      | Killed Grum
 13281 | D:9      | Reached skill level 5 in Dodging
 13486 | D:9      | Found a staircase to the Lair.
 14129 | D:10     | Entered Level 10 of the Dungeon
 14190 | D:10     | Got a glittering silver ring
 14788 | D:10     | Noticed a two-headed ogre
 14794 | D:10     | Killed a two-headed ogre
 14794 | D:10     | Reached XP level 11. HP: 62/62 MP: 2/20
 15464 | D:11     | Reached **** piety under Sif Muna
 15544 | D:11     | Noticed a wizard
 15556 | D:11     | Killed a wizard
 15646 | D:11     | Noticed a two-headed ogre
 15668 | D:11     | HP: 2/62 [something (6)]
 15669 | D:11     | Slain by an unseen horror

Illustrated notes

Levels and vault maps discovered:
D:1:      lightli_arrival_windingriver, layout_basic
D:2:      layout_loops_cross, grunt_temple_overflow_open, serial_bayou_pond_d
D:3:      layout_loops_ring, lemuel_doored_altar, lightli_sewer_entry_pipes,
          tgw_sif, uniq_ijyb
D:4:      layout_loops_corners, grunt_temple_overflow_lords_of_destruction,
          minmay_temple_entry_from_below_a, gammafunk_ghost_abyssal_escape,
          minmay_tree_intersection
D:5:      layout_basic, kennysheep_little_box, chequers_serial_rivers_room_a,
          uniq_prince_ribbit1
D:6:      layout_loops_ring, yredelemnul_forgotten_temple_becter
D:7:      layout_loops_ring, gammafunk_temple_overflow_statue
D:8:      layout_basic, minmay_alternating_orb, uniq_psyche
D:9:      layout_roguey, erik_lair_island, serial_co_window_serial,
          co_window_paths_a, co_window_of_opportunity_a, co_window_paths_b,
          co_window_paths_a, co_window_corner_a, co_window_paths_a,
          co_window_of_opportunity_a, co_window_broadway_a,
          co_window_of_opportunity_b, co_window_broadway_a,
          co_window_broadway_a, co_window_broadway_b, glass_columns_a,
          serial_shops, shop_fountains, uniq_grum
D:10:     layout_basic, nooodl_orcs_dogs
D:11:     layout_basic, hiddenorc2_lemuel, gauntlet_entry_generic,
          minmay_variable_closet
Temple:   minmay_temple_forest_path

Skill      XL: |  1  2  3  4  5  6  7  8  9 10 11 |
---------------+----------------------------------+-----
Conjurations   | 2 3 4 5 7 9 |  9.5
Dodging        | 3 5 6 |  6.5
Air Magic      | 5 6 7 10 11 12 | 12.4
Armour         | 2 |  2.2
Fighting       | 1 3 4 |  4.5
Maces & Flails | 1 4 6 |  6.7
Spellcasting   | 3 4 5 6 |  6.2
Invocations    | 1 3 4 |  4.3
Stealth        | |  2.1

Action                   |  1- 3 |  4- 6 |  7- 9 | 10-12 || total
-------------------------+-------+-------+-------+-------++-------
Melee: Short sword       |    48 |    32 |   162 |       ||   242
       Kick              |    15 |    14 |    60 |    46 ||   135
       Peck              |     7 |     4 |    41 |    22 ||    74
       Unarmed           |       |       |     9 |       ||     9
       Whip              |       |       |    64 |   155 ||   219
 Cast: Shock             |    43 |    67 |   102 |    30 ||   242
       Swiftness         |       |     2 |     1 |     3 ||     6
       Static Discharge  |       |     2 |    14 |     4 ||    20
       Airstrike         |       |       |    26 |    47 ||    73
       Lightning Bolt    |       |       |       |     4 ||     4
       Mephitic Cloud    |       |       |       |     1 ||     1
 Abil: Fly               |       |     1 |       |       ||     1
  Use: Scroll            |       |    11 |     2 |     4 ||    17
       Potion            |       |     1 |     1 |     2 ||     4
 Stab: Sleeping          |     4 |     2 |     5 |     1 ||    12
Armor: Robe              |     7 |     2 |       |       ||     9
       Leather armour    |       |     3 |    48 |    21 ||    72
Dodge: Dodged            |    38 |    42 |   236 |   155 ||   471

Table legend: (Time is in decaauts)
 A = Elapsed time spent in this place.
 B = Non-inter-level travel time spent in this place.
 C = Inter-level travel time spent in this place.
 D = Time resting spent in this place.
 E = Time spent auto-exploring this place.
 F = Levels seen in this place.
 G = Mean time per level.
                   A        B        C        D        E       F      G
               +--------+--------+--------+--------+--------+-----+--------+
         Total |  15112 |  14475 |    637 |   4226 |   8436 |  12 | 1259.3 |
       Dungeon |  14758 |  14173 |    585 |   4226 |   8136 |  11 | 1341.6 |
        Temple |    354 |    302 |     52 |      0 |    299 |   1 |  354.0 |
               +--------+--------+--------+--------+--------+-----+--------+

Top non-repeatable levels by time:
     D:4: 2205 daAuts
     D:5: 2184 daAuts
     D:3: 1918 daAuts
     D:8: 1895 daAuts
     D:9: 1628 daAuts
     D:7: 1246 daAuts
    D:10: 1001 daAuts
     D:1: 998 daAuts
     D:6: 674 daAuts
     D:2: 550 daAuts
    D:11: 455 daAuts
  Temple: 354 daAuts
